 Dungeon Crawl Stone Soup version 0.22.1-2-g9c5b331 (webtiles) character file.

30 MalarOregon the Chiller (level 3, -2/26 HPs)
             Began as a Merfolk Ice Elementalist on Nov 23, 2018.
             Slain by Terence
             ... wielding a +0 flail
              (6 damage)
             ... on level 2 of the Dungeon.
             The game lasted 00:04:00 (1417 turns).

MalarOregon the Chiller (Merfolk Ice Elementalist)  Turns: 1417, Time: 00:04:01

Health: -2/26      AC:  2    Str:  8    XL:     3   Next: 18%
Magic:  1/6        EV: 13    Int: 15    God:
Gold:   75         SH:  0    Dex: 14    Spells: 5/6 levels left

rFire    . . .     SeeInvis .   c - +0 dagger
rCold    . . .     Gourm    .   (no shield)
rNeg     . . .     Faith    .   a - +0 robe
rPois    .         Spirit   .   (no helmet)
rElec    .         Reflect  .   (no cloak)
rCorr    .         Harm     .   (no gloves)
MR       .....                  (no boots)
Stlth    ++........             (no amulet)
HPRegen  0.08/turn              (no ring)
MPRegen  0.10/turn              (no ring)

@: hasted, very quick
A: change form in water, swift swim, stealthy swim
a: no special abilities


You were on level 2 of the Dungeon.
You were not hungry.

You visited 1 branch of the dungeon, and saw 2 of its levels.

You collected 75 gold pieces.

Inventory:

Hand Weapons
 c - a +0 dagger (weapon)
   (You took it off a kobold on level 1 of the Dungeon)
Armour
 a - a +0 robe (worn)
Scrolls
 b - 3 scrolls of teleportation {unknown}
 g - 2 scrolls of identify {unknown}
Potions
 f - a potion of heal wounds {unknown}
 h - a potion of haste {@q3}
Comestibles
 e - 4 rations {!d}


   Skills:
 * Level 1.0 Fighting
 * Level 0.4 Short Blades
 * Level 3.2 Dodging
 + Level 2.7 Stealth
 + Level 2.2 Spellcasting
   Level 0.7 Conjurations
 + Level 3.5 Ice Magic


You had 5 spell levels left.
You knew the following spells:

 Your Spells              Type           Power        Failure   Level  Hunger
a - Freeze                Ice            ##..         4%          1    #......

Your spell library contained the following spells:

 Spells                   Type           Power        Failure   Level  Hunger
 Throw Frost              Conj/Ice       #.....       14%         2    ###....
 Ozocubu's Armour         Chrm/Ice       #.......     32%         3    ###....
 Throw Icicle             Conj/Ice       #.......     65%         4    #####..
 Summon Ice Beast         Ice/Summ       #.......     71%         4    #####..


Dungeon Overview and Level Annotations

Branches:
Dungeon (2/15)

Altars:

Annotations:
D:2 Terence


Message History

The goblin shoots a stone.
The stone barely misses you.
You see here a stone.
You hit the goblin.
The goblin unwields an uncursed hunting sling.
The goblin wields an uncursed club.
The goblin hits you with an uncursed club.
Aim: a goblin, wielding a club (severely wounded)
You freeze the goblin.
You kill the goblin!
You don't know that spell.
Things that are here:
an uncursed club; an uncursed hunting sling; 4 stones You see here a stone.
You now have 69 gold pieces (gained 18).
Found 6 gold pieces.
Found a short sword.
There is a stone staircase leading down here.
Found a scroll labeled CUM TIASUBBYERA.
You now have 75 gold pieces (gained 6).
Terence is too close now for your liking.
You see here a scroll labeled CUM TIASUBBYERA.
Terence is nearby!
Unknown command.
Aim: Terence, wielding a flail and wearing a glowing scale mail You freeze Terence.
Terence resists.
Terence barely misses you.
Aim: Terence, wielding a flail and wearing a glowing scale mail (lightly You freeze Terence.
Terence resists.
Terence completely misses you.
Aim: Terence, wielding a flail and wearing a glowing scale mail (lightly You freeze Terence.
Terence resists.
Terence hits you but does no damage.
Aim: Terence, wielding a flail and wearing a glowing scale mail (moderately You freeze Terence.
Terence resists.
Aim: Terence, wielding a flail and wearing a glowing scale mail (heavily You freeze Terence.
Terence resists.
Terence misses you.
Aim: Terence, wielding a flail and wearing a glowing scale mail (heavily You freeze Terence.
Terence resists.
Terence hits you with a flail!
* * * LOW HITPOINT WARNING * * *
You hit Terence. Terence hits you with a flail!
* * * LOW HITPOINT WARNING * * *
Aim: Terence, wielding a flail and wearing a glowing scale mail (severely You freeze Terence.
Terence resists.
Terence closely misses you.
It was a potion of haste.
You feel yourself speed up. Terence hits you with a flail.
* * * LOW HITPOINT WARNING * * *
You hit Terence. You hit Terence but do no damage. Terence closely misses you.
You hit Terence but do no damage. You hit Terence.
Terence hits you but does no damage.
You hit Terence but do no damage. You barely miss Terence.
Terence hits you with a flail.
You die...

########
##.....@##
##......@.##
#?.........#
#......)...#
#..........#
#..........#
...##..........#
...............##
....###........#


You could see Terence.

Vanquished Creatures
  An ooze (D:1)
  A dart slug (D:2)
  A leopard gecko (D:1)
  2 goblins
  4 hobgoblins
  4 jackals (D:1)
  A bat (D:1)
  4 kobolds (D:1)
  4 rats
22 creatures vanquished.

Notes
Turn   | Place    | Note
-------+----------+-------------------------------------------
     0 | D:1      | MalarOregon the Merfolk Ice Elementalist began the quest
                  | for the Orb.
     0 | D:1      | Reached XP level 1. HP: 13/13 MP: 3/3
   196 | D:1      | Reached XP level 2. HP: 15/20 MP: 1/5
   793 | D:1      | Reached skill level 1 in Fighting
   793 | D:1      | Reached XP level 3. HP: 25/26 MP: 6/6
  1110 | D:2      | Noticed Terence
  1417 | D:2      | Slain by Terence

Skill      XL: |  1  2 |
---------------+-------+-----
Dodging        | 3 |  3.2
Fighting       | 1 |  1.0
Short Blades   | |  0.4
Stealth        | |  2.7
Spellcasting   | |  2.2
Conjurations   | |  0.7
Ice Magic      | |  3.5

Action                   || total
-------------------------++-------
Melee: Unarmed           ||    14
       Dagger            ||    26
 Cast: Freeze            ||    39
  Use: Potion            ||     1
 Stab: Sleeping          ||     2
  Eat: Chunk             ||     2
Armor: Robe              ||     6
Dodge: Dodged            ||    47
